 Dungeon Crawl Stone Soup version 0.20-a0-869-gcf33cab (webtiles) character file.

15930 AlphabetPasta the Carver (level 12, -3/97 HPs)
             Began as a Barachi Monk on Mar 13, 2017.
             Was a High Priest of Wu Jian.
             Slain by a bone dragon (7 damage)
             ... on level 1 of the Abyss.
             The game lasted 00:58:38 (10528 turns).

AlphabetPasta the Carver (Barachi Monk)            Turns: 10528, Time: 00:58:39

Health: -3/97      AC: 13    Str: 16    XL:     12   Next: 32%
Magic:  0/12       EV: 15    Int: 12    God:    Wu Jian [*****.]
Gold:   439        SH:  0    Dex: 15    Spells: 11/11 levels left

rFire    . . .     SeeInvis .   a - +11 falchion of Animal Spirits {freeze, rElec}
rCold    . . .     Gourm    .   q - +0 scale mail (curse)
rNeg     + . .     Faith    .   (no shield)
rPois    .         Spirit   +   P - +1 helmet
rElec    +         Reflect  .   s - +0 cloak
rCorr    .         Harm     .   (no gloves)
MR       .....                  k - +0 pair of boots
Stlth    +.........             y - amulet of guardian spirit
Regen    0.3/turn               (no ring)
MPRegen  0.2/turn               h - ring of positive energy

@: about to teleport, slow
A: +LOS, swims, slowness 1, strong legs 1
a: Hop, Serpent's Lash, Heaven On Earth, Renounce Religion


You were on level 1 of the Abyss.
You worshipped Wu Jian.
Wu Jian was extremely pleased with you.
You were not hungry.

You visited 2 branches of the dungeon, and saw 13 of its levels.
You visited the Abyss 1 time.

You collected 758 gold pieces.
You spent 319 gold pieces at shops.

Inventory:

Hand Weapons
 a - the +11 falchion of Animal Spirits (weapon) {freeze, rElec}
   (You found it on level 5 of the Dungeon)

   It has been specially enchanted to freeze those struck by it, causing extra
   injury to most foes and up to half again as much damage against particularly
   susceptible opponents.
   It can also slow down cold-blooded creatures.
   It insulates you from electricity.
 b - a +2 arbalest of venom
 x - a +0 falchion
Missiles
 i - a javelin (quivered)
 p - 100 bolts
Armour
 k - a +0 pair of boots (worn)
 o - a +0 helmet
 q - a cursed +0 scale mail (worn)
 s - a +0 cloak (worn)
 F - a +0 robe
 P - a +1 helmet (worn)
Jewellery
 h - a ring of positive energy (left hand)
 y - an amulet of guardian spirit (around neck)
Wands
 d - a wand of polymorph (6/24)
 B - a wand of flame (16/48)
 D - a wand of digging (21/24)
 E - a wand of random effects (34/48)
 I - a wand of lightning (7/15)
 L - a wand of confusion (26/48)
 M - a wand of flame (16/48)
Scrolls
 e - 9 scrolls of remove curse
 f - 2 scrolls of teleportation
 l - 4 scrolls of fear
 t - a scroll of magic mapping
 u - 3 scrolls of blinking
 K - 2 scrolls of fog
Potions
 g - a potion of cancellation
 n - a potion of haste {unknown}
 r - a potion of agility
 v - 2 potions of invisibility {unknown}
 z - a potion of flight
 A - 9 potions of curing
 C - 2 potions of ambrosia
 H - 2 potions of resistance
 J - 3 potions of might {unknown}
Comestibles
 c - 8 bread rations
 j - 10 royal jellies
 m - 7 meat rations
 G - 10 fruits


   Skills:
 + Level 10.3 Fighting
 * Level 13.6 Long Blades
 * Level 7.9 Crossbows
 - Level 0.2 Throwing
 + Level 9.5 Armour
 + Level 9.9 Dodging
 - Level 1.7 Stealth


You had 11 spell levels left.
You didn't know any spells.

Dungeon Overview and Level Annotations

Branches:
Dungeon (12/15)            Temple (1/1) D:4            Lair (0/6) D:10
    Orc (0/2) D:9

Altars:
Ashenzari
Cheibriados
Dithmenos
Elyvilon
Fedhas
Gozag
Hepliaklqana
Kikubaaqudgha
Makhleb
Nemelex Xobeh
Okawaru
Qazlal
Ru
Sif Muna
Trog
Uskayaw
Vehumet
Wu Jian
Xom
Yredelemnul
Zin
The Shining One

Shops:
D:6 *   D:9 [![[   D:10 :

Annotations:
D:12 Sonja


Innate Abilities, Weirdness & Mutations

Shadows flee at your approach. (+LOS)
You can swim through water.
You cover ground slowly.
You can hop short distances.


Message History

The bone dragon tramples you but does no damage.
You slash the bone dragon! You freeze the bone dragon.
The bone dragon is moderately damaged.
You hit the bone dragon but do no damage.
The bone dragon is moderately damaged.
The bone dragon bites you!
* * * LOW HITPOINT WARNING * * *
The bone dragon barely misses you. The bone dragon tramples you.
* * * LOW HITPOINT WARNING * * *
You hold your ground!
You feel better.
The bone dragon bites you but does no damage.
The bone dragon claws you.
* * * LOW HITPOINT WARNING * * *
The bone dragon tramples you but does no damage.
As you read the scroll of teleportation, it crumbles to dust.
You feel strangely unstable.
You feel the power of the Abyss delaying your translocation!
The bone dragon bites you!
You die...

....##
####..##.# #
#...##..#..
#.#.....##.#
#.#..#...#
#.##...######
#.##..#.#...##
.. #..D....#.
##5.
#.#@.##.... ..
#.##.## .# . .
ยง ##
#..###..#
#.... # ##..#
.# ..# ...
..#. ....


You could see a bone dragon.

Vanquished Creatures
  A centaur warrior (D:11)
  4 two-headed ogres
  The ghost of Vi the Destroyer, a novice DEFE of Vehumet (D:8)
  An unseen horror (D:10)
  Pikel (D:6)
  The ghost of Sergey the Spear-Bearer, a novice MfGl of Fedhas (D:7)
  An ugly thing (D:11)
  The ghost of TroubleDarcy the Magician, a novice DEFE (D:4)
  4 trolls
  Prince Ribbit (D:6)
  A hippogriff (D:12)
  Sigmund (D:6)
  A wyvern (D:9)
  A human (D:7)
  A wraith (D:12)
  7 yaks
  2 hogs (D:7)
  A hungry ghost (D:11)
  4 vampire mosquitoes (D:12)
  Edmund (D:6)
  3 water moccasins
  A phantom (D:7)
  2 black bears
  3 sky beasts
  An ice beast (D:8)
  2 eyes of draining
  10 orc warriors
  2 ogres
  2 necrophages (D:8)
  7 centaurs
  2 big kobolds
  6 bullfrogs
  5 scorpions
  A howler monkey (D:6)
  11 crimson imps
  A bullfrog zombie (D:9)
  4 centaur zombies
  11 orc priests
  A bullfrog skeleton (D:4)
  12 hounds
  15 orc wizards
  A centaur skeleton (D:4)
  3 jellies
  3 iguanas
  Crazy Yiuf (D:2)
  Jessica (D:2)
  A gnoll shaman (D:6)
  7 worker ants
  A killer bee zombie (D:6)
  A hound zombie (D:10)
  A hound skeleton (D:11)
  5 gnolls
  4 river rats (D:5)
  16 adders
  2 shadow imps (D:5)
  An ufetubus (Abyss:1)
  An ooze (D:1)
  4 adder zombies
  6 adder skeletons
  3 worms
  2 dart slugs
  7 leopard geckos
  45 orcs
  7 giant cockroaches
  7 goblins
  10 hobgoblins
  18 jackals
  17 kobolds
  5 quokkas
  2 ball pythons
  5 bats
  4 frilled lizards
  A jackal skeleton (D:6)
  2 leopard gecko zombies
  3 quokka skeletons
  5 rats
340 creatures vanquished.

Vanquished Creatures (others)
  2 orc priests (D:6)
  3 hobgoblins
  2 kobolds (D:6)
  4 plants
11 creatures vanquished.

Grand Total: 351 creatures vanquished

Notes
Turn   | Place    | Note
-------+----------+-------------------------------------------
     0 | D:1      | AlphabetPasta the Barachi Monk began the quest for the Orb.
     0 | D:1      | Reached XP level 1. HP: 18/18 MP: 1/1
   104 | D:1      | You fall through a shaft!
   141 | D:1      | Reached XP level 2. HP: 13/25 MP: 2/2
   172 | D:1      | Reached skill level 4 in Long Blades
   454 | D:1      | Reached XP level 3. HP: 26/30 MP: 3/3
   582 | D:1      | Reached skill level 1 in Armour
  1408 | D:2      | Reached XP level 4. HP: 20/37 MP: 4/4
  1595 | D:2      | Reached skill level 5 in Long Blades
  1601 | D:2      | Noticed Jessica
  1653 | D:2      | Killed Jessica
  1836 | D:2      | Found a runed door.
  1840 | D:2      | Noticed Crazy Yiuf
  1843 | D:2      | Killed Crazy Yiuf
  1843 | D:2      | Reached XP level 5. HP: 42/42 MP: 5/5
  2201 | D:3      | Found a shattered altar of Ashenzari.
  2702 | D:4      | Reached skill level 6 in Long Blades
  2788 | D:4      | Reached XP level 6. HP: 44/48 MP: 6/6
  2834 | D:4      | Found a staircase to the Ecumenical Temple.
  2847 | Temple   | Entered the Ecumenical Temple
  3206 | D:4      | Reached XP level 7. HP: 48/55 MP: 7/7
  3220 | D:4      | Reached skill level 5 in Fighting
  3233 | D:4      | Noticed TroubleDarcy's ghost (novice DEFE)
  3469 | D:4      | Killed TroubleDarcy's ghost
  3469 | D:4      | Reached skill level 7 in Long Blades
  3469 | D:4      | Reached skill level 5 in Dodging
  3760 | D:4      | Found a hazy altar of Hepliaklqana.
  3797 | D:5      | Entered Level 5 of the Dungeon
  4008 | D:5      | Found an opulent altar of Gozag.
  4087 | D:5      | Found a sacrificial altar of Ru.
  4095 | D:5      | Got a dazzling falchion
  4097 | D:5      | Identified the +11 falchion of Animal Spirits {freeze, rElec} (You found it on level 5 of the Dungeon)
  4136 | D:5      | Reached XP level 8. HP: 48/64 MP: 8/8
  4283 | D:5      | Reached skill level 8 in Long Blades
  4306 | D:5      | Found a glowing silver altar of Zin.
  4741 | D:5      | Found a shimmering altar of Xom.
  4847 | D:6      | Noticed Prince Ribbit
  4851 | D:6      | Killed Prince Ribbit
  4915 | D:6      | Found a blossoming altar of Fedhas.
  5078 | D:6      | Found an ornate altar of the Wu Jian Council.
  5081 | D:6      | Became a worshipper of the Wu Jian Council
  5081 | D:6      | Reached * piety under Wu Jian
  5081 | D:6      | Reached ** piety under Wu Jian
  5091 | D:6      | Reached skill level 9 in Long Blades
  5091 | D:6      | Reached skill level 5 in Armour
  5142 | D:6      | Noticed Pikel
  5147 | D:6      | Killed Pikel
  5147 | D:6      | Reached XP level 9. HP: 61/72 MP: 9/9
  5192 | D:6      | Reached skill level 10 in Long Blades
  5677 | D:5      | Reached *** piety under Wu Jian
  5802 | D:6      | Noticed Sigmund
  5822 | D:6      | Killed Sigmund
  5822 | D:6      | Reached skill level 1 in Crossbows
  5921 | D:6      | Found Ovohungamm's Assorted Antiques.
  5924 | D:6      | Bought a scroll of teleportation for 63 gold pieces
  5924 | D:6      | Bought 2 silvery potions for 37 gold pieces
  5924 | D:6      | Bought a wooden wand for 84 gold pieces
  5924 | D:6      | Bought a black potion for 18 gold pieces
  5970 | D:6      | Noticed Edmund
  5981 | D:6      | Killed Edmund
  6296 | D:7      | Reached XP level 10. HP: 80/80 MP: 10/10
  6320 | D:7      | Reached skill level 11 in Long Blades
  6346 | D:7      | Found a radiant altar of Vehumet.
  6625 | D:7      | Noticed Sergey's ghost (novice MfGl)
  6660 | D:7      | Killed Sergey's ghost
  6993 | D:8      | Noticed Vi's ghost (novice DEFE)
  7010 | D:8      | Killed Vi's ghost
  7308 | D:8      | Noticed a two-headed ogre
  7314 | D:8      | Noticed a two-headed ogre
  7321 | D:8      | Noticed a two-headed ogre
  7324 | D:8      | Killed a two-headed ogre
  7324 | D:8      | Reached **** piety under Wu Jian
  7324 | D:8      | Reached skill level 12 in Long Blades
  7324 | D:8      | Reached skill level 5 in Crossbows
  7340 | D:8      | Killed a two-headed ogre
  7340 | D:8      | Reached XP level 11. HP: 62/89 MP: 11/11
  7345 | D:8      | Killed a two-headed ogre
  7731 | D:8      | Found a radiant altar of Vehumet.
  7732 | D:8      | Found a white marble altar of Elyvilon.
  7732 | D:8      | Found a deep blue altar of Sif Muna.
  7934 | D:8      | Found a bloodstained altar of Trog.
  8232 | D:8      | Found an iron altar of Okawaru.
  8341 | D:9      | Found Guuthoimm's Distillery.
  8343 | D:9      | Found Zuc Weogh's Armour Boutique.
  8344 | D:9      | Found Galaudoq's Antique Armour Boutique.
  8356 | D:9      | Bought a potion of flight for 39 gold pieces
  8356 | D:9      | Bought a potion of curing for 39 gold pieces
  8356 | D:9      | Bought a potion of lignification for 39 gold pieces
  8358 | D:9      | Found Feet's Antique Armour Boutique.
  8483 | D:9      | Found a hide-covered altar of Uskayaw.
  8593 | D:9      | Reached ***** piety under Wu Jian
  8621 | D:9      | Found a staircase to the Orcish Mines.
  9023 | D:10     | Entered Level 10 of the Dungeon
  9103 | D:10     | Found a staircase to the Lair.
  9145 | D:10     | Found Unedghiack's Book Shoppe.
  9257 | D:10     | Killed an unseen horror
  9257 | D:10     | Reached skill level 13 in Long Blades
  9373 | D:11     | Noticed a two-headed ogre
  9380 | D:11     | Killed a two-headed ogre
  9472 | D:11     | Noticed a centaur warrior
  9478 | D:11     | Reached skill level 10 in Fighting
  9487 | D:11     | Killed a centaur warrior
  9487 | D:11     | Reached XP level 12. HP: 74/97 MP: 9/12
 10309 | D:12     | Noticed Sonja
 10328 | D:12     | Cast into level 1 of the Abyss (Sonja)
 10440 | Abyss:1  | Noticed a wretched star
 10508 | Abyss:1  | Noticed a bone dragon
 10525 | Abyss:1  | HP: 3/97 [bone dragon (5)]
 10528 | Abyss:1  | Slain by a bone dragon

Vault maps used:
D:1:      shiori_arrival_elements, minmay_misc_feat_diagonals
D:2:      hangedman_feature_mirror, uniq_jessica, uniq_crazy_yiuf_cottage
D:3:      old_standard_altar
D:4:      kennysheep_little_box, minmay_temple_entry_large_hall, first_bread
D:5:      wad_woods_stonehenge, nicolae_gozag_seed_capital,
          lemuel_crystal_altar, hangedman_ru_absence
D:6:      kennysheep_housing_project, fedhas_altar_4, kennysheep_mini_moat,
          serial_shops, nicolae_shop_behind_doors, serial_undead,
          serial_undead_b, serial_undead_e, serial_undead_f, serial_undead_b,
          uniq_prince_ribbit1, uniq_sigmund, uniq_pikel, uniq_edmund
D:7:      grunt_livestock, vehumet_altar_wand_db
D:8:      old_standard_altar, grunt_temple_overflow_open,
          lemuel_coloured_pillars_altar
D:9:      lemuel_round_altar, hiddenorc1_lemuel, st_stairs_7,
          minmay_shop_grid_forest
D:10:     lair_entry_dummy, serial_shops, nicolae_shop_waterfront
D:11:     lemuel_flamethrower_2
D:12:     uniq_nergalle, uniq_sonja, uniq_maurice
Temple:   compressed_dpeg_triangle_lava_temple

Skill      XL: |  1  2  3  4  5  6  7  8  9 10 11 |
---------------+----------------------------------+-----
Long Blades    | 4 5 6 7 9 10 12 13 | 13.6
Armour         | 1 2 3 5 6 8 9 |  9.5
Fighting       | 4 5 7 9 10 | 10.3
Dodging        | 4 5 6 7 8 9 |  9.9
Crossbows      | 1 5 7 |  7.9
Throwing       | |  0.2
Stealth        | |  1.7

Action                   |  1- 3 |  4- 6 |  7- 9 | 10-12 || total
-------------------------+-------+-------+-------+-------++-------
Melee: Falchion          |   124 |   222 |   252 |   517 ||  1115
Throw: Javelin           |     7 |     4 |       |       ||    11
Invok: Serpent's Lash    |       |       |       |     1 ||     1
 Abil: Hop               |       |       |     1 |     1 ||     2
Evoke: Wand              |       |       |       |     2 ||     2
  Use: Scroll            |     6 |     6 |     7 |     8 ||    27
       Potion            |       |       |     5 |     3 ||     8
 Stab: Sleeping          |     3 |     2 |       |       ||     5
  Eat: Chunk             |     2 |     7 |     8 |    19 ||    36
       Royal jelly       |       |       |     1 |       ||     1
       Fruit             |       |       |     1 |       ||     1
Armor: Robe              |    24 |    40 |       |       ||    64
       Scale mail        |       |    51 |    88 |   105 ||   244
Dodge: Dodged            |    86 |   160 |   106 |   210 ||   562
       Rpst.: Falchion   |    22 |    48 |    32 |    51 ||   153
